 Dungeon Crawl Stone Soup version 0.25-a0-614-g73ad250637 (webtiles) character file.

Game seed: 5760743399438932464, levelgen mode: deterministic

874 Amnesiac the Quickloader (level 7, -1/33 HPs)
             Began as a Spriggan Hunter on Mar 17, 2020.
             Slain by Duvessa
             ... wielding a +0 short sword
              (12 damage)
             ... on level 5 of the Dungeon.
             The game lasted 00:06:13 (5312 turns).

Amnesiac the Quickloader (Spriggan Hunter)          Turns: 5312, Time: 00:06:14

Health: -1/33      AC:  2    Str: 10    XL:     7   Next: 74%
Magic:  8/8        EV: 18    Int: 13    God:
Gold:   229        SH:  0    Dex: 16    Spells: 6/6 levels left

rFire    . . .     SeeInvis +   a - +1 hand crossbow
rCold    + . .     Gourm    .   (shield restricted)
rNeg     . . .     Faith    .   c - +0 robe
rPois    .         Spirit   .   (helmet restricted)
rElec    .         Reflect  .   (no cloak)
rCorr    .         Harm     .   (gloves unavailable)
MR       +....                  (boots unavailable)
Stlth    ++........             (no amulet)
HPRegen  0.11/turn              p - ring of protection from cold
MPRegen  0.11/turn              (no ring)

@: very quick
A: very small, unfitting armour, see invisible, herbivore, speed 3, slow
metabolism 2
a: no special abilities


You were on level 5 of the Dungeon.
You were hungry.

You visited 1 branch of the dungeon, and saw 5 of its levels.

You collected 229 gold pieces.

Inventory:

Hand Weapons
 a - a +1 hand crossbow (weapon)
 b - a +0 short sword
Missiles
 n - 27 sling bullets
 o - 60 stones (quivered)
Armour
 c - a +0 robe (worn)
 y - a cursed +0 cloak
Jewellery
 p - a ring of protection from cold (left hand)
Wands
 q - a wand of flame (2)
Scrolls
 i - 5 scrolls of remove curse {!r, unknown}
 j - 5 scrolls of teleportation {!r, unknown}
 l - 2 scrolls of magic mapping {!r, unknown}
 m - 5 scrolls of identify {!r, unknown}
 t - a scroll of blinking {!r, unknown}
 u - a scroll of fear {!r, unknown}
 v - 2 scrolls of enchant armour {!r, unknown}
 z - a scroll of fog {!r, unknown}
Potions
 e - a potion of berserk rage {!q, unknown}
 g - 3 potions of curing {!q, unknown}
 h - a potion of ambrosia {!q, unknown}
 k - a potion of might {!q, unknown}
 r - a potion of mutation {!q, unknown}
 s - a potion of brilliance {!q, unknown}
 w - a potion of cancellation {!q, unknown}
 x - a potion of magic {!q, unknown}
Comestibles
 f - 9 rations


   Skills:
 - Level 1.5 Fighting
 + Level 9.7 Crossbows
 - Level 3.0 Dodging
 - Level 1.5 Stealth


You had 6 spell levels left.
You didn't know any spells.
Your spell library was empty.

Dungeon Overview and Level Annotations

Branches:
Dungeon (5/15)
 Temple: D:4-7

Altars:
Fedhas

Annotations:
D:5 Duvessa, Eustachio, Prince Ribbit


Innate Abilities, Weirdness & Mutations

You are very small and have problems with some larger weapons.
You are too small for most types of armour.
You have supernaturally acute eyesight. (SInv)
You are a herbivore.
You cover ground extremely quickly.
You need to consume almost no food.


Message History

You shoot a bolt. The bolt hits Duvessa.
Duvessa is moderately wounded.
Duvessa says, "I will journey to Hell to retrieve him!"
Firing (i - inventory. (/) - cycle)
d - 3 bolts (quivered)
Press: ? - help, Shift-Dir - straight line, f/p - Duvessa
Aim: Duvessa, wielding a +0 short sword and wearing a +0 leather armour (moderately wounded)
You shoot a bolt. The bolt hits Duvessa!
Duvessa is severely wounded.
Firing (i - inventory. (/) - cycle)
d - 2 bolts (quivered)
Press: ? - help, Shift-Dir - straight line, f/p - Duvessa
Aim: Duvessa, wielding a +0 short sword and wearing a +0 leather armour (severely wounded)
You shoot a bolt. The bolt closely misses Duvessa.
Duvessa barely misses you.
Firing (i - inventory. (/) - cycle)
d - a bolt (quivered)
Press: ? - help, Shift-Dir - straight line, f/p - Duvessa
Aim: Duvessa, wielding a +0 short sword and wearing a +0 leather armour (severely wounded)
You shoot a bolt. The bolt hits Duvessa.
Duvessa is severely wounded.
Duvessa hits you with a +0 short sword!
Throwing (i - inventory)
o - 67 stones (quivered)
Press: ? - help, Shift-Dir - straight line, f/p - Duvessa
Aim: Duvessa, wielding a +0 short sword and wearing a +0 leather armour (severely wounded)
You throw a stone.
The stone hits Duvessa but does no damage.
Duvessa is severely wounded.
Duvessa barely misses you.
Throwing (i - inventory)
o - 66 stones (quivered)
Press: ? - help, Shift-Dir - straight line, f/p - Duvessa
Aim: Duvessa, wielding a +0 short sword and wearing a +0 leather armour (severely wounded)
You throw a stone.
The stone hits Duvessa but does no damage.
Duvessa is severely wounded.
Duvessa hits you with a +0 short sword.
Throwing (i - inventory)
o - 65 stones (quivered)
Press: ? - help, Shift-Dir - straight line, f/p - Duvessa
Aim: Duvessa, wielding a +0 short sword and wearing a +0 leather armour (severely wounded)
You throw a stone.
The stone hits Duvessa but does no damage.
Duvessa is severely wounded.
Duvessa hits you with a +0 short sword.
* * * LOW HITPOINT WARNING * * *
Throwing (i - inventory)
o - 64 stones (quivered)
Press: ? - help, Shift-Dir - straight line, f/p - Duvessa
Aim: Duvessa, wielding a +0 short sword and wearing a +0 leather armour (severely wounded)
You throw a stone. The stone barely misses Duvessa.
Duvessa closely misses you.
Throwing (i - inventory)
o - 63 stones (quivered)
Press: ? - help, Shift-Dir - straight line, f/p - Duvessa
Aim: Duvessa, wielding a +0 short sword and wearing a +0 leather armour (severely wounded)
You throw a stone.
The stone hits Duvessa but does no damage.
Duvessa is severely wounded.
Duvessa barely misses you.
Throwing (i - inventory)
o - 62 stones (quivered)
Press: ? - help, Shift-Dir - straight line, f/p - Duvessa
Aim: Duvessa, wielding a +0 short sword and wearing a +0 leather armour (severely wounded)
You throw a stone. The stone barely misses Duvessa.
Duvessa hits you with a +0 short sword.
* * * LOW HITPOINT WARNING * * *
Throwing (i - inventory)
o - 61 stones (quivered)
Press: ? - help, Shift-Dir - straight line, f/p - Duvessa
Aim: Duvessa, wielding a +0 short sword and wearing a +0 leather armour (severely wounded)
You throw a stone. The stone hits Duvessa.
Duvessa is severely wounded.
Duvessa hits you with a +0 short sword!
You die...

#...(... .... ##
#......# .. #.
#......# #.
#...(..# #.
#...(..# #.
#......#
##########.
#...(..#
#.......##. #e#
#.##....... #@#
#.##.##.###
#.######....##.#
#....<...#####.#
########.#####.#
#.......#
#########


You could see Duvessa.

Vanquished Creatures
  Grinder (D:4)
  4 slaves
  A centaur (D:4)
  An ogre (D:5)
  A scorpion (D:4)
  Dowan (D:5)
  A howler monkey (D:5)
  An orc priest (D:5)
  Natasha (thrice) (D:3)
  An iguana (D:2)
  Ijyb (D:4)
  2 worker ants
  Terence (D:2)
  A hound zombie (D:5)
  4 gnolls (D:3)
  2 adders
  A worm (D:5)
  2 dart slugs (D:3)
  3 leopard geckos
  6 orcs
  6 bats
  3 giant cockroaches
  4 hobgoblins (D:1)
  3 jackals (D:3)
  2 kobolds (D:2)
  3 quokkas
  A ball python (D:1)
  6 frilled lizards
  3 goblins
  6 rats
75 creatures vanquished.

Notes
Turn   | Place    | Note
-------+----------+-------------------------------------------
     0 | D:1      | Amnesiac the Spriggan Hunter began the quest for the Orb.
     0 | D:1      | Reached XP level 1. HP: 10/10 MP: 2/2
   166 | D:1      | Reached XP level 2. HP: 14/14 MP: 3/3
   669 | D:2      | Noticed Terence
   686 | D:2      | Killed Terence
   686 | D:2      | Reached skill level 5 in Crossbows
   686 | D:2      | Reached XP level 3. HP: 8/18 MP: 4/4
  1589 | D:2      | Reached XP level 4. HP: 22/22 MP: 5/5
  2394 | D:3      | Reached skill level 6 in Crossbows
  2695 | D:3      | Reached XP level 5. HP: 21/25 MP: 6/6
  3136 | D:3      | Noticed Natasha
  3139 | D:3      | Killed Natasha
  3474 | D:3      | Noticed Natasha
  3478 | D:3      | Killed Natasha
  3543 | D:3      | Noticed Natasha
  3547 | D:3      | Killed Natasha
  3547 | D:3      | Reached skill level 7 in Crossbows
  3563 | D:4      | Noticed a slave
  3564 | D:4      | Noticed Pikel
  3565 | D:4      | Noticed a slave
  3569 | D:4      | Noticed a slave
  3569 | D:4      | Noticed a slave
  3581 | D:3      | Killed a slave
  3692 | D:3      | Killed a slave
  3896 | D:4      | Reached XP level 6. HP: 29/30 MP: 7/7
  4050 | D:4      | Found a blossoming altar of Fedhas.
  4066 | D:4      | Reached skill level 8 in Crossbows
  4122 | D:4      | Noticed Ijyb
  4130 | D:4      | Killed Ijyb
  4146 | D:4      | Noticed Grinder
  4160 | D:4      | Killed Grinder
  4160 | D:4      | Reached XP level 7. HP: 33/33 MP: 8/8
  4421 | D:5      | Entered Level 5 of the Dungeon
  4424 | D:5      | Reached skill level 9 in Crossbows
  4472 | D:5      | Noticed Dowan
  4478 | D:5      | Killed Dowan
  4553 | D:5      | Noticed Duvessa
  4960 | D:5      | Noticed Prince Ribbit
  5093 | D:5      | Noticed Eustachio
  5312 | D:5      | Slain by Duvessa

Levels and vault maps discovered:
D:1:      lordsloth_arrival_two_stooges, layout_basic
D:2:      layout_basic, uniq_terence
D:3:      layout_basic, first_ration, columned_hall_lemuel,
          minmay_misc_feat_tower, moated_statue, uniq_natasha
D:4:      layout_cave_pools, serial_bayou_pond_d, fedhas_bush_and_centaur_altar,
          uniq_grinder, uniq_pikel, uniq_ijyb
D:5:      layout_loops_cross, serial_shops, shop, gammafunk_ghost_split,
          minmay_starry_boxes, uniq_duvessa, uniq_prince_ribbit1, uniq_eustachio

Skill      XL: |  1  2  3  4  5  6  7 |
---------------+----------------------+-----
Crossbows      | 5 6 7 8 9 |  9.7
Fighting       | |  1.5
Dodging        | |  3.0
Stealth        | |  1.5

Action                   |  1- 3 |  4- 6 |  7- 9 || total
-------------------------+-------+-------+-------++-------
 Fire: Hand crossbow     |    50 |   136 |    72 ||   258
Throw: Stone             |       |       |    10 ||    10
Evoke: Wand              |       |       |    21 ||    21
Armor: Robe              |       |     6 |       ||     6
Dodge: Dodged            |     8 |    32 |    16 ||    56

Table legend:
 A = Non-vault XP
 B = Vault XP
 C = Vault XP percentage of total XP
 D = Non-vault monster count
 E = Vault monster count
 F = Vault count percentage of total count
                 A         B        C        D         E       F
            +---------+---------+-------+---------+---------+-------
      Total |     542 |     707 |  56.6 |      62 |       9 |  12.7
            +---------+---------+-------+---------+---------+-------
        D:1 |      18 |       0 |   0.0 |      11 |       0 |   0.0
        D:2 |      62 |      32 |  34.0 |       8 |       1 |  11.1
        D:3 |     182 |      39 |  17.6 |      29 |       1 |   3.3
        D:4 |     120 |     445 |  78.8 |       7 |       3 |  30.0
        D:5 |     160 |     191 |  54.4 |       7 |       4 |  36.4
            +---------+---------+-------+---------+---------+-------
